 Dungeon Crawl Stone Soup version 0.19.3-1-g3169bf9 (webtiles) character file.

32 Clownie the Chopper (level 3, -1/27 HPs)
             Began as a Formicid Gladiator on Jan 25, 2017.
             Was a Believer of Lugonu.
             Slain by a gnoll
             ... wielding a +0 spear
              (4 damage)
             ... on level 2 of the Dungeon.
             The game lasted 00:01:28 (1457 turns).

Clownie the Chopper (Formicid Gladiator)            Turns: 1457, Time: 00:01:29

Health: -1/27      AC:  3    Str: 22    XL:     3   Next: 42%
Magic:  3/3        EV: 12    Int:  7    God:    Lugonu [**....]
Gold:   129        SH:  0    Dex: 12    Spells: 0 memorised, 2 levels left

rFire  . . .     SeeInvis +     a - +0 war axe
rCold  + . .     Gourm    .     b - +0 leather armour
rNeg   . . .     Faith    .     (no shield)
rPois  .         Spirit   .     (helmet unavailable)
rElec  .         Reflect  .     (no cloak)
rCorr  .         Harm     .     (no gloves)
MR     .....                    (no boots)
Stlth  +.........               (no amulet)
                                o - +3 ring of strength
                                f - ring of protection from cold

@: invisible
A: permanent stasis, dig shafts and tunnels, four strong arms, antennae 3
a: Dig, Shaft Self, Depart the Abyss, Bend Space, Renounce Religion


You were on level 2 of the Dungeon.
You worshipped Lugonu.
Lugonu was pleased with you.
You were not hungry.

You visited 1 branch of the dungeon, and saw 2 of its levels.

You collected 129 gold pieces.

Inventory:

Hand Weapons
 a - a +0 war axe (weapon)
Missiles
 c - 3 throwing nets (quivered)
Armour
 b - a +0 leather armour (worn)
Jewellery
 f - a ring of protection from cold (left hand)
 j - an uncursed ring of stealth
 o - a +3 ring of strength (right hand)
Scrolls
 e - a scroll of immolation {unknown}
 g - a scroll of noise {unknown}
 h - 2 scrolls of remove curse {unknown}
 i - 3 scrolls of identify {unknown}
 k - a scroll of fog {unknown}
 m - a scroll of amnesia {unknown}
Comestibles
 d - a bread ration
 l - a meat ration


   Skills:
 - Level 2.1 Fighting
 + Level 4.2 Axes
 - Level 2.0 Throwing
 - Level 2.6 Dodging


You had 2 spell levels left.
You didn't know any spells.

Dungeon Overview and Level Annotations

Branches:
Dungeon (2/15)

Altars:
Qazlal
Vehumet
Xom
The Shining One
Lugonu


Innate Abilities, Weirdness & Mutations

You are under a permanent stasis effect.
You can dig through walls and to a lower floor.
Your four strong arms can wield two-handed weapons with a shield.
You have a pair of large antennae on your head. (SInv)


Message History

You hit the gnoll.
The gnoll is heavily wounded.
The gnoll misses you.
The gnoll hits you from afar with a spear.
The gnoll misses you.
You barely miss the gnoll.
The gnoll is heavily wounded.
The gnoll hits you but does no damage. The gnoll hits you with a club.
You hit the gnoll.
The gnoll is severely wounded.
The gnoll hits you from afar with a spear!
* * * LOW HITPOINT WARNING * * *
The gnoll barely misses you. The gnoll closely misses you.
You are too injured to fight recklessly!
Okay, then.
It was a potion of invisibility.
You fade into invisibility!
The gnoll closely misses you.
The gnoll hits you from afar with a spear.
You die...

..# #.# #.#########
#.........#######
.########.#.†...#
........#.#.###.#
.######.#.#.###.#
.............>#.############..#.
.######.#.#...#.@gg.............
.# #.#.#...##############.### .#
#.#.#......... { .##
#.#.#......... { ..#
#.#........... #.#
#.####........
#÷#####.............
...........#........
...........+....#...


You could see 2 gnolls.

Vanquished Creatures
  2 dart slugs
  A ball python (D:1)
  6 bats
  A giant cockroach (D:1)
  4 goblins
  3 hobgoblins
  A frilled lizard (D:2)
  4 kobolds (D:1)
  3 rats (D:1)
25 creatures vanquished.

Notes
Turn   | Place    | Note
-------+----------+-------------------------------------------
     0 | D:1      | Clownie the Formicid Gladiator began the quest for the Orb.
     0 | D:1      | Reached XP level 1. HP: 16/16 MP: 1/1
   171 | D:1      | Reached XP level 2. HP: 22/22 MP: 2/2
  1023 | D:1      | Found a shimmering altar of Xom.
  1025 | D:1      | Found a stormy altar of Qazlal.
  1025 | D:1      | Found a deep blue altar of Sif Muna.
  1027 | D:1      | Found a radiant altar of Vehumet.
  1027 | D:1      | Found a white marble altar of Elyvilon.
  1027 | D:1      | Found a glowing golden altar of the Shining One.
  1103 | D:2      | Reached skill level 4 in Axes
  1103 | D:2      | Reached XP level 3. HP: 27/27 MP: 3/3
  1173 | D:2      | Found a faded altar of an unknown god.
  1256 | D:2      | Became a worshipper of Lugonu the Unformed
  1256 | D:2      | Reached * piety under Lugonu
  1256 | D:2      | Reached ** piety under Lugonu
  1457 | D:2      | Slain by a gnoll

Skill      XL: |  1  2 |
---------------+-------+-----
Axes           | 4 |  4.2
Fighting       | |  2.1
Throwing       | |  2.0
Dodging        | |  2.6

Action                   || total
-------------------------++-------
Melee: War axe           ||    79
  Use: Potion            ||     1
 Stab: Sleeping          ||     3
  Eat: Chunk             ||     2
Armor: Leather armour    ||    17
Dodge: Dodged            ||    62
